 Dungeon Crawl Stone Soup version 0.26.0-15-gc6cd9f700b (webtiles) character file.

Game seed: 4257596249510636478

209 flappity the Skirmisher (level 5, -7/38 HPs)
             Began as an Octopode Berserker on Jan 15, 2021.
             Was a Believer of Trog.
             Mangled by Duvessa
             ... wielding a +0 short sword
              (15 damage)
             ... on level 4 of the Dungeon.
             The game lasted 00:03:20 (3311 turns).

flappity the Skirmisher (Octopode Berserker)        Turns: 3311, Time: 00:03:20

Health: -7/38      AC:  1    Str: 16    XL:     5   Next: 87%
Magic:  14/14      EV: 15    Int:  9    God:    Trog [**....]
Gold:   120        SH:  5    Dex: 13    Spells: 4/4 levels left

rFire    . . .     SeeInvis .   y - +0 war axe
rCold    . . .     Faith    .   (no shield)
rNeg     . . .     Spirit   .   (helmet restricted)
rPois    .         Reflect  +   h - amulet of reflection
rElec    .         Harm     .   b - ring of wizardry
rCorr    .         Rampage  .   w - ring of magical power
Will     .....                  (no ring)
Stlth    ++........             (no ring)
HPRegen  0.12/turn              (no ring)
MPRegen  0.14/turn              (no ring)
                                (no ring)
                                (no ring)

@: no status effects
A: almost no armour, stealthy swim, amphibious, 8 rings, constrict 8, camouflage
1, gelatinous body 1
a: Renounce Religion, Berserk, Trog's Hand


You were on level 4 of the Dungeon.
You worshipped Trog.
Trog was pleased with you.
You visited 1 branch of the dungeon, and saw 4 of its levels.

You collected 120 gold pieces.


Innate Abilities, Weirdness & Mutations

You cannot wear most types of armour.
You are very stealthy in the water. (Stealth+)
You are amphibious.
You can wear up to eight rings at the same time.
You can use your tentacles to constrict eight enemies at once.
Your skin changes colour to match your surroundings (Stealth+).
Your rubbery body absorbs attacks. (AC +1, EV +1)


   Skills:
 * Level 4.7 Fighting
 + Level 4.2 Axes
 + Level 4.1 Dodging


You had 4 spell levels left.
You didn't know any spells.
Your spell library was empty.

Inventory:

Hand Weapons
 a - a +0 hand axe
 f - a +0 hunting sling
 y - a +0 war axe (weapon)
Missiles
 e - 151 stones (quivered)
 z - 66 sling bullets
Jewellery
 b - a ring of wizardry (left tentacle)
 h - an amulet of reflection (around mantle)
 j - an uncursed amulet of regeneration {unknown}
 k - a cursed amulet of inaccuracy {unknown}
 w - a ring of magical power (right tentacle)
Scrolls
 g - a scroll of enchant weapon {unknown}
 i - a scroll of fear {unknown}
 m - 2 scrolls of immolation {unknown}
 n - a scroll of magic mapping {unknown}
 p - 2 scrolls of identify {unknown}
 x - a scroll of noise {unknown}
 A - a scroll of enchant armour {unknown}
 B - a scroll of teleportation {unknown}
Potions
 c - 2 potions of brilliance {unknown}
 d - a potion of ambrosia {unknown}
 l - a potion of might {unknown}
 o - 5 potions of curing {unknown}
 q - a potion of flight {unknown}
 r - 2 potions of lignification {unknown}
 s - a potion of heal wounds {unknown}
 t - a potion of mutation {unknown}
 u - a potion of attraction {unknown}
 v - 3 potions of resistance {unknown}


Message History

You constrict the orc.
You kill the orc!
Trog accepts your kill.
A quokka comes into view.
Dowan hits you with a +0 dagger.
Duvessa says, "My weaknesses are his strengths!"
You see here an orc corpse.
You take 3 damage.
You hit Dowan.
Dowan is lightly wounded.
Dowan hits you with a +0 dagger.
You take 1 damage.
You closely miss Dowan. You grab Dowan.
Dowan is lightly wounded.
You constrict Dowan, but do no damage. Dowan hits you but does no damage.
You hit Dowan but do no damage. You squeeze Dowan!
Dowan is heavily wounded.
You constrict Dowan. Dowan casts a spell at you. The puff of frost hits you!
Duvessa says, "My weaknesses are his strengths!"
Dowan hits you with a +0 dagger.
You take 13 damage.
You are too injured to fight recklessly!
You are too injured to fight recklessly!
You are too injured to fight recklessly!
You are too injured to fight recklessly!
You are too injured to fight recklessly!
You are too injured to fight recklessly!
You are too injured to fight recklessly!
You are too injured to fight recklessly!
You hit Dowan.
Dowan is almost dead.
You hit Duvessa but do no damage. You constrict Dowan.
You kill Dowan!
Trog accepts your kill.
Trog appreciates your killing of a magic user.
Duvessa weeps, then rights herself and shakes her weapon.
Duvessa goes berserk!
You block Duvessa's attack. Duvessa hits you but does no damage.
The quokka closely misses you.
You barely miss the quokka. You grab the quokka. You squeeze the quokka.
You kill the quokka!
Trog accepts your kill.
You barely miss Duvessa. Duvessa hits you with a +0 short sword!
Duvessa completely misses you.
You take 13 damage.
You barely miss Duvessa. You grab Duvessa.
You constrict Duvessa, but do no damage.
Duvessa barely misses you. Duvessa hits you with a +0 short sword!
You die...

▒∙∙∙∙∙∙∙∙∙▒
▒∙∙∙▒▒▒▒▒▒▒ ▒∙∙∙▒
▒▒▒▒ ▒▒▒∙∙∙▒ ▒∙∙
▒∙▒▒∙▒▒ ▒∙▒
▒∙▒∙▒▒▒▒∙▒▒▒
▒∙∙∙∙∙∙∙∙∙▒▒∙▒
▒▒?▒∙∙∙∙∙e∙∙∙▒
▒∙▒▒∙▒∙∙x▒∙∙∙▒
▒∙▒∙∙∙∙∙?▒)∙∙∙∙∙∙
▒∙∙▒∙▒∙▒∙▒∙∙▒▒▒▒▒▒
▒∙∙∙∙∙∙▒∙▒∙∙▒
▒▒∙▒∙▒▒▒∙▒∙∙▒ ▒∙▒∙
▒∙▒∙∙∙ ▒ ▒∙∙∙∙∙▒
▒▒ ∙▒▒▒


You could see Duvessa (berserk).

Vanquished Creatures
  Dowan (D:4)
  An orc priest (D:3)
  4 adders (D:3)
  A gnoll (D:2)
  2 worms (D:2)
  A dart slug (D:1)
  4 leopard geckos
  7 orcs
  4 giant cockroaches
  9 goblins
  8 hobgoblins
  3 jackals (D:3)
  A quokka (D:4)
  8 bats
  3 frilled lizards
  7 kobolds
  7 rats
71 creatures vanquished.

Vanquished Creatures (others)
  2 plants (D:2)
2 creatures vanquished.

Grand Total: 73 creatures vanquished

Notes
Turn   | Place    | Note
-------+----------+-------------------------------------------
     0 | D:1      | flappity the Octopode Berserker began the quest for the
                  | Orb.
     0 | D:1      | Reached XP level 1. HP: 16/16 MP: 1/1
   199 | D:1      | Reached XP level 2. HP: 21/21 MP: 2/2
   994 | D:1      | Reached XP level 3. HP: 26/26 MP: 3/3
  1258 | D:2      | Reached ** piety under Trog
  1528 | D:2      | Found an iron altar of Okawaru.
  1734 | D:2      | Reached XP level 4. HP: 31/33 MP: 4/4
  2342 | D:3      | Reached skill level 4 in Fighting
  2549 | D:3      | Reached skill level 4 in Axes
  2549 | D:3      | Reached XP level 5. HP: 19/38 MP: 5/5
  3027 | D:3      | Reached skill level 4 in Dodging
  3245 | D:3      | Found a hazy altar of Hepliaklqana.
  3281 | D:4      | Found Ashaplai's Distillery.
  3300 | D:4      | Noticed Dowan
  3303 | D:4      | Noticed Duvessa
  3309 | D:4      | Killed Dowan
  3310 | D:4      | HP: 8/38 [Duvessa/+0 short sword (13)]
  3311 | D:4      | Mangled by Duvessa

Levels and vault maps discovered:
D:1:      psy_arrival_radial01, layout_basic, hangedman_decor_points
D:2:      layout_rooms, serial_forest, infiniplex_forest_straight_2,
          infiniplex_forest_end_1, infiniplex_forest_lined_2,
          infiniplex_forest_corner_1, okawaru_altar_gauntlet_db
D:3:      layout_basic, marbit_many_paths
D:4:      layout_loops_cross, serial_shops, shop, minmay_misc_feat_tiny,
          led_xom_imps, uniq_duvessa

Action                   |  1- 3 |  4- 6 || total
-------------------------+-------+-------++-------
Melee: Hand axe          |    82 |    40 ||   122
       Constrict         |    26 |    20 ||    46
       Tentacles         |    16 |    11 ||    27
       War axe           |       |    26 ||    26
 Stab: Sleeping          |     2 |     2 ||     4
Armor: Skin              |     8 |     2 ||    10
Dodge: Dodged            |    65 |    41 ||   106
Block: Other             |    23 |    12 ||    35
       Reflection        |    10 |       ||    10
